% Time on Ice - CALGARY FIREMEN
Lines # - Real PCT - Wanted PCT - Time Play
Normal Forward
1 - 32% - 33% - 16:14
2 - 32% - 32% - 15:54
3 - 23% - 25% - 11:46
4 - 12% - 10% - 6:11
Normal Defense
1 - 36% - 33% - 17:56
2 - 31% - 32% - 15:18
3 - 29% - 25% - 14:44
4 - 4% - 10% - 2:07
PP Forward
1 - 57% - 50% - 3:23
2 - 43% - 50% - 2:34
PP Defense
1 - 57% - 50% - 3:23
2 - 43% - 50% - 2:34
PK Forward
1 - 48% - 50% - 1:54
2 - 52% - 50% - 2:04
PK Defense
1 - 75% - 70% - 2:58
2 - 25% - 30% - 1:00
PK3 Forward
1 - 0% - 50%
2 - 0% - 50%
PK3 Defense
1 - 0% - 50%
2 - 0% - 50%
44 Forward
1 - 0% - 50%
2 - 0% - 50%
44 Defense
1 - 0% - 50%
2 - 0% - 50%
Last Minute Offensive  - 0:00
Last Minute Defensive  - 0:00
Total
Forward - 60:00
Defense - 60:00
% Time on Ice - VANCOUVER VOODOO
Lines # - Real PCT - Wanted PCT - Time Play
Normal Forward
1 - 32% - 33% - 16:16
2 - 25% - 32% - 12:40
3 - 19% - 22% - 9:19
4 - 24% - 13% - 11:50
Normal Defense
1 - 34% - 36% - 17:13
2 - 30% - 34% - 15:08
3 - 33% - 30% - 16:22
4 - 3% - 0% - 1:22
PP Forward
1 - 61% - 55% - 2:24
2 - 39% - 45% - 1:34
PP Defense
1 - 44% - 50% - 1:44
2 - 56% - 50% - 2:14
PK Forward
1 - 52% - 55% - 3:07
2 - 48% - 45% - 2:50
PK Defense
1 - 43% - 50% - 2:34
2 - 57% - 50% - 3:23
PK3 Forward
1 - 0% - 55%
2 - 0% - 45%
PK3 Defense
1 - 0% - 55%
2 - 0% - 45%
44 Forward
1 - 0% - 55%
2 - 0% - 45%
44 Defense
1 - 0% - 50%
2 - 0% - 50%
Last Minute Offensive  - 0:00
Last Minute Defensive  - 0:00
Total
Forward - 60:00
Defense - 60:00
Play-by-Play 1st period 0:01 of 1st period - Ryan Johansen wins face-off versus Marcus Johansson in neutral zone. 0:06 of 1st period - Shot by Filip Forsberg. 0:06 of 1st period - Stopped by Samuel Montembeault without a rebound. 0:07 of 1st period - Cole Sillinger wins face-off versus Adam Henrique in VANCOUVER VOODOO zone. 0:24 of 1st period - Shot by Andreas Athanasiou. 0:24 of 1st period - Stopped by Samuel Montembeault with a rebound. 0:35 of 1st period - Sonny Milano is hit by Mike Reilly and loses puck. 0:36 of 1st period - Minor Penalty to Mike Reilly for Boarding. 0:37 of 1st period - Jack McBain wins face-off versus Ryan Johansen in VANCOUVER VOODOO zone. 2:25 of 1st period - Shot by Shayne Gostisbehere. 2:25 of 1st period - Stopped by Samuel Montembeault with a rebound. 2:32 of 1st period - Icing by Gustav Forsling. 2:33 of 1st period - Ryan Johansen wins face-off versus Radek Faksa in CALGARY FIREMEN zone. 3:13 of 1st period - Shot by Anthony Beauvillier. 3:13 of 1st period - Shot Misses the Net. 4:19 of 1st period - Shot by Brendan Gallagher. 4:19 of 1st period - Shot Misses the Net. 4:21 of 1st period - Shot by Jack McBain. 4:21 of 1st period - Stopped by Carey Price without a rebound. 4:22 of 1st period - Cole Sillinger wins face-off versus Ryan Johansen in CALGARY FIREMEN zone. 4:49 of 1st period - Shot by Filip Forsberg. 4:49 of 1st period - Stopped by Samuel Montembeault without a rebound. 4:50 of 1st period - Marcus Johansson wins face-off versus Adam Henrique in VANCOUVER VOODOO zone. 4:50 of 1st period - Marcus Johansson is hit by Andreas Athanasiou. 5:00 of 1st period - Shot by Adam Henrique. 5:00 of 1st period - Shot Blocked by Brett Kulak. 5:15 of 1st period - Shot by Andreas Athanasiou. 5:15 of 1st period - Deflect By Sonny Milano. 5:15 of 1st period - Shot Misses the Net. 5:17 of 1st period - Shot by Alex Goligoski. 5:17 of 1st period - Stopped by Samuel Montembeault without a rebound. 5:18 of 1st period - Jack McBain wins face-off versus Ryan Johansen in VANCOUVER VOODOO zone. 5:40 of 1st period - Minor Penalty to Brendan Lemieux for Unsportsmanlike conduct. 5:41 of 1st period - Adam Henrique wins face-off versus Jack McBain in VANCOUVER VOODOO zone. 5:48 of 1st period - Shot by Jakob Silfverberg. 5:48 of 1st period - Stopped by Samuel Montembeault without a rebound. 5:49 of 1st period - Ryan Johansen wins face-off versus Radek Faksa in VANCOUVER VOODOO zone. 6:22 of 1st period - Shot by Andreas Athanasiou. 6:22 of 1st period - Stopped by Samuel Montembeault with a rebound. 6:24 of 1st period - Shot by Shayne Gostisbehere. 6:24 of 1st period - Shot Misses the Net. 7:42 of 1st period - Brendan Lemieux is hit by Justin Braun and loses puck. 8:05 of 1st period - Shot by Brendan Lemieux. 8:05 of 1st period - Deflect By Jack McBain. 8:05 of 1st period - Shot Blocked by Marc-Edouard Vlasic. 8:10 of 1st period - Brett Howden is hit by Brendan Lemieux and loses puck. 8:14 of 1st period - Yakov Trenin is hit by Braden Schneider and loses puck. 8:30 of 1st period - Icing by Braden Schneider. 8:31 of 1st period - Jack McBain wins face-off versus Jack Drury in VANCOUVER VOODOO zone. 9:00 of 1st period - Shot by Cole Sillinger. 9:00 of 1st period - Stopped by Carey Price without a rebound. 9:01 of 1st period - Marcus Johansson wins face-off versus Ryan Johansen in CALGARY FIREMEN zone. 9:14 of 1st period - Shot by Josh Bailey. 9:14 of 1st period - Stopped by Carey Price with a rebound. 9:16 of 1st period - Shot by Brett Kulak. 9:16 of 1st period - Shot Misses the Net. 9:18 of 1st period - Shot by Anthony Beauvillier. 9:18 of 1st period - Stopped by Carey Price with a rebound. 10:25 of 1st period - Shot by Matthew Grzelcyk. 10:25 of 1st period - Shot Misses the Net. 10:27 of 1st period - Shot by Matthew Grzelcyk. 10:27 of 1st period - Shot Blocked by Justin Braun. 10:29 of 1st period - Shot by Patric Hornqvist. 10:29 of 1st period - Shot M